Map: [TLMC15] Hardwire

Players

LiquidClem (Clem) - Winner!

  • Race: Terran Terran
  • League: Master

Lambo

  • Race: Zerg Zerg
  • League: Grandmaster

Event: StayAtHome Story Cup #4

VOD

Have the link to the VOD?

Description

Time

  • Played on: Oct. 23, 2021, 11:48 a.m.
  • Length: 5:02

All games in this series

Show
View Real Time Build Order
Export as new Build Order

LiquidClem Terran - Winner!

Build Orders:  

Get SALT Encoding   

  12  0:00  SCV  
  13  0:12  SCV  
  14  0:17  Supply Depot  
  14  0:24  SCV  
  15  0:39  Barracks  
  15  0:45  Refinery  
  15  0:56  Barracks  
  15  1:01  SCV  
  16  1:12  Refinery  
  16  1:13  SCV  
  17  1:27  Reaper  
  17  1:31  Orbital Command  
  18  1:43  Reaper  
  19  1:49  Supply Depot  
  19  2:00  Reaper  
  20  2:05  Bunker  
  20  2:17  Reaper  
  21  2:23  Factory  
  21  2:28  SCV  
  22  2:37  Reaper  
  23  2:40  SCV  
  25  2:51  Reaper  
  25  2:52  SCV  
  25  2:53  Supply Depot  
  26  3:06  SCV  
  26  3:07  Factory Reactor  
  26  3:11  Reaper  
  28  3:23  SCV  
  28  3:29  Reaper  
  28  3:43  Command Center  
  28  3:44  Hellion  
  28  3:46  Hellion  
  28  3:48  Reaper  
  32  4:01  SCV  
  32  4:02  Starport  
  33  4:04  Reaper  
  33  4:08  Hellion  
  36  4:13  Hellion  
  37  4:22  Reaper  
  37  4:27  SCV  
  38  4:39  Supply Depot  
  38  4:41  Hellion x2  
  38  4:45  SCV  
Show
View Real Time Build Order
Export as new Build Order

Lambo Zerg 

Build Orders: Hatch First 

Get SALT Encoding   

  12  0:00  Drone  
  13  0:12  Overlord  
  13  0:17  Drone  
  14  0:31  Drone x2  
  16  0:47  Hatchery  
  15  0:50  Drone  
  15  0:54  Drone  
  17  0:57  Drone  
  18  1:08  Extractor  
  17  1:13  Spawning Pool  
  17  1:15  Drone  
  18  1:18  Drone  
  18  1:28  Drone  
  19  1:40  Drone  
  20  1:49  Drone  
  21  2:00  Queen x2, Zergling x4  
  27  2:11  Drone  
  28  2:22  Zergling x2  
  28  2:26  Zergling x2, Spine Crawler  
  28  2:29  Metabolic Boost  
  28  2:36  Spine Crawler  
  25  2:39  Queen  
  27  2:46  Zergling x2  
  27  2:58  Overlord  
  27  3:07  Overlord  
  27  3:16  Queen  
  27  3:19  Drone x5  
  34  3:24  Drone  
  33  3:32  Drone x2, Queen  
  35  3:43  Zergling x2  
  35  3:44  Zergling x2  
  37  3:49  Zergling x6  
  39  3:58  Zergling x2  
  39  3:59  Zergling x2  
  38  4:06  Zergling x4  
  39  4:14  Zergling x2  
  37  4:20  Zergling x2  
  37  4:22  Hatchery  
  34  4:26  Zergling x8  
  38  4:34  Zergling x8  
  42  4:42  Zergling x4  
Tags
 
Add a new tag
Caveats
  • Supply blocks, unpowered buildings, or Contaminate may cause inaccurate times.
  • Supply counts are checked every 10 seconds.